 Dungeon Crawl Stone Soup version 0.23-a0-814-g91b4073 (console) character file.

60 bli the Skirmisher (level 3, -8/29 HPs)
             Began as a Demonspawn Abyssal Knight on Jan 21, 2019.
             Was a Follower of Lugonu.
             Mangled by a gnoll
             ... wielding a +0 flail
              (12 damage)
             ... on level 2 of the Dungeon.
             The game lasted 00:03:27 (1584 turns).

bli the Skirmisher (Demonspawn Abyssal Knight)      Turns: 1584, Time: 00:03:28

Health: -8/29      AC:  6    Str: 17    XL:     3   Next: 82%
Magic:  5/5        EV: 11    Int: 13    God:    Lugonu [*.....]
Gold:   208        SH:  0    Dex: 13    Spells: 2/2 levels left

rFire    . . .     SeeInvis .   a - +1 falchion
rCold    . . .     Gourm    .   (no shield)
rNeg     . . .     Faith    .   b - +0 leather armour
rPois    .         Spirit   .   (no helmet)
rElec    .         Reflect  .   (no cloak)
rCorr    .         Harm     .   (no gloves)
MR       .....                  i - +0 pair of boots
Stlth    +.........             (no amulet)
HPRegen  0.09/turn              (no ring)
MPRegen  0.09/turn              (no ring)

@: mighty
A: icy blue scales 1, powered by pain 1
a: Depart the Abyss, Renounce Religion


You were on level 2 of the Dungeon.
You worshipped Lugonu.
Lugonu was aware of your devotion.
You were not hungry.

You visited 1 branch of the dungeon, and saw 2 of its levels.
You visited the Abyss 1 time.

You collected 208 gold pieces.

Inventory:

Hand Weapons
 a - a +1 falchion (weapon)
Missiles
 h - 14 stones (quivered)
 p - 24 sling bullets
 q - 8 needles of sleeping
Armour
 b - a +0 leather armour (worn)
 i - a +0 pair of boots (worn)
 k - a +0 ring mail
Scrolls
 d - a scroll of teleportation {unknown}
 e - 2 scrolls of identify {unknown}
 f - 2 scrolls of fear {unknown}
 l - a scroll of enchant armour {unknown}
 m - a scroll of magic mapping {unknown}
 o - a scroll of amnesia {unknown}
Potions
 g - a potion of flight {unknown}
 n - a potion of curing {unknown}
Comestibles
 c - 7 rations


   Skills:
 - Level 3.0 Fighting
 + Level 2.5 Long Blades
 * Level 3.0 Armour
 + Level 1.2 Dodging
 + Level 2.7 Invocations


You had 2 spell levels left.
You didn't know any spells.
Your spell library was empty.

Dungeon Overview and Level Annotations

Branches:
Dungeon (2/15)

Altars:


Innate Abilities, Weirdness & Mutations

You are partially covered in icy blue scales. (AC +2)
You sometimes gain a little power by taking damage.


Message History

The gnoll is moderately wounded.
The gnoll hits you but does no damage.
You hit the gnoll but do no damage.
The gnoll is moderately wounded.
The gnoll closely misses you.
You barely miss the gnoll.
The gnoll is moderately wounded.
The gnoll hits you with a +0 flail!
* * * LOW HITPOINT WARNING * * *
You focus on the pain.
You feel very mighty all of a sudden.
You slash the gnoll!
You kill the gnoll!
Lugonu accepts your kill.
Your Armour skill increases to level 3!
The gnoll completely misses you.
You slash the gnoll!
The gnoll is heavily wounded.
The gnoll hits you with a +0 flail!
You die...

#...# #...#
#...#
#...###########
#.#>..#.......#
#.#.####.####.#
#.#..# #.# #.#
#.#..# #.# #.#
#..###.# #.# #
#......# #.#
#.#@####.# #.#
#.#g#########.#
#.............#
###.###########
...gg(..#
#########


You could see a gnoll.

Vanquished Creatures
  3 gnolls (D:2)
  A leopard gecko (D:1)
  5 bats
  A giant cockroach (D:1)
  5 goblins (D:1)
  2 hobgoblins (D:2)
  2 quokkas (D:2)
  2 frilled lizards
  7 kobolds
  A rat (D:1)
29 creatures vanquished.

Notes
Turn   | Place    | Note
-------+----------+-------------------------------------------
     0 | Abyss:1  | bli the Demonspawn Abyssal Knight began the quest for the
                  | Orb.
     0 | Abyss:1  | Reached XP level 1. HP: 18/18 MP: 2/2
    47 | Abyss:1  | Found a bloodstained altar of Trog.
    85 | Abyss:1  | Found a sacrificial altar of Ru.
   122 | Abyss:2  | Noticed a smoke demon
   138 | D:1      | Escaped the Abyss
   543 | D:1      | Reached * piety under Lugonu
   620 | D:1      | Gained mutation: You are partially covered in icy blue
                  | scales. (AC +2) [demonic ancestry]
   620 | D:1      | Reached XP level 2. HP: 21/24 MP: 3/3
   837 | D:1      | Reached skill level 1 in Dodging
  1399 | D:2      | Gained mutation: You sometimes gain a little power by
                  | taking damage. [demonic ancestry]
  1399 | D:2      | Reached XP level 3. HP: 29/29 MP: 5/5
  1584 | D:2      | Mangled by a gnoll

Vault maps used:
D:1:      tarquinn_simple_flora_water_b
D:2:      first_ration

Skill      XL: |  1  2  3 |
---------------+----------+-----
Armour         | 2 3 |  3.0
Long Blades    | 2 |  2.5
Dodging        | 1 |  1.2
Fighting       | |  3.0
Invocations    | |  2.7

Action                   || total
-------------------------++-------
Melee: Falchion          ||    82
Throw: Stone             ||     2
Invok: Depart the Abyss  ||     1
 Stab: Sleeping          ||     1
  Eat: Chunk             ||     2
Armor: Leather armour    ||    35
Dodge: Dodged            ||    51
       Rpst.: Falchion   ||    18

Table legend:
 A = Non-vault XP
 B = Vault XP
 C = Vault XP percentage of total XP
 D = Non-vault monster count
 E = Vault monster count
 F = Vault count percentage of total count
                 A         B        C        D         E       F
            +---------+---------+-------+---------+---------+-------
      Total |      87 |       0 |   0.0 |      29 |       0 |   0.0
            +---------+---------+-------+---------+---------+-------
        D:1 |      26 |       0 |   0.0 |      16 |       0 |   0.0
        D:2 |      61 |       0 |   0.0 |      13 |       0 |   0.0
            +---------+---------+-------+---------+---------+-------
